 Dungeon Crawl Stone Soup version 0.31-a0-369-g8eba5f6939 (webtiles) character file.

Game seed: 16138235686289149874

8823 cforsyth the Prestidigitator (level 11, 0/74 HPs)
             Began as a Gnoll Artificer on July 28, 2023.
             Was an Elder of Hepliaklqana.
             Killed from afar by a raiju (12 damage)
             ... with a living lightning
             ... on level 2 of the Abyss.
             The game lasted 00:17:36 (10421 turns).

cforsyth the Prestidigitator (Gnoll Artificer)     Turns: 10421, Time: 00:17:36

Health: 0/74       AC: 22    Str: 16    XL:     11   Next: 36%
Magic:  0/20       EV:  6    Int: 10    God:    Hepliaklqana [****..]
Gold:   908        SH: 10    Dex: 13    Spells: 22/22 levels left

rFire   + . .        r - +3 spear (venom)
rCold   . . .        H - +0 kite shield
rNeg    . . .        j - +0 plate armour
rPois   .            l - +0 helmet
rElec   .            (no cloak)
rCorr   .            s - +1 pair of gloves
SInv    .            z - +0 pair of boots {Fly}
Will    .....        u - amulet of guardian spirit Stlth
                     m - +4 ring of protection
HPRegen 0.32/turn    y - ring of protection from fire
MPRegen 0.17/turn

%: guardian spirit
@: about to teleport, flying
A: reduced essence, fangs 1, strong nose, distributed training
a: Renounce Religion, Recall Ancestor, Ancestor Identity, Transference, Idealise


You were on level 2 of the Abyss.
You worshipped Hepliaklqana.
Hepliaklqana was greatly pleased with you.
You visited 2 branches of the dungeon, and saw 11 of its levels.
You visited the Abyss 1 time.
You also visited: Bailey.

You collected 908 gold pieces.

Inventory:

Hand Weapons
 a - a +0 club
 r - a +3 spear of venom (weapon)
Armour
 j - a +0 plate armour (worn)
 l - a +0 helmet (worn)
 s - a +1 pair of gloves (worn)
 z - a +0 pair of boots of flying (worn)
 H - a +0 kite shield (worn)
Jewellery
 m - a +4 ring of protection (left hand)
 p - a ring of flight
 u - an amulet of guardian spirit (around neck)
 y - a ring of protection from fire (right hand)
 G - a +6 ring of dexterity
Wands
 c - a wand of flame (12) (quivered)
 d - a wand of charming (15)
 e - a wand of iceblast (4)
 J - a wand of paralysis (20)
 K - a wand of roots (4)
 N - a wand of digging (9)
 O - a wand of light (8)
Scrolls
 b - 2 scrolls of enchant weapon
 g - 2 scrolls of revelation
 h - a scroll of fog {unknown}
 o - a scroll of noise
 v - a scroll of enchant armour {unknown}
 w - a scroll of fear
 x - a scroll of torment {unknown}
 B - a scroll of vulnerability {unknown}
 D - a scroll of amnesia {unknown}
 F - a scroll of teleportation
 I - a scroll of summoning {unknown}
Potions
 f - 3 potions of enlightenment
 i - 4 potions of mutation
 k - a potion of magic
 n - 3 potions of curing
 q - a potion of heal wounds
 t - a potion of might {unknown}
 C - 3 potions of haste
 L - a potion of brilliance
 M - a potion of lignification {unknown}
 P - a potion of attraction {unknown}
Miscellaneous
 A - a phantom mirror


   Skills:
 + Level 6.9 Fighting
 + Level 6.3 Short Blades
 + Level 6.3 Long Blades
 + Level 6.3 Axes
 + Level 6.3 Maces & Flails
 + Level 6.3 Polearms
 + Level 6.3 Staves
 + Level 6.3 Ranged Weapons
 + Level 6.3 Throwing
 + Level 7.9 Armour
 + Level 6.9 Dodging
 + Level 6.8 Stealth
 + Level 6.3 Shields
 + Level 6.3 Unarmed Combat
 + Level 6.3 Spellcasting
 + Level 5.2 Conjurations
 + Level 5.2 Hexes
 + Level 5.2 Summonings
 + Level 5.2 Necromancy
 + Level 5.2 Translocations
 + Level 5.2 Transmutations
 + Level 5.2 Fire Magic
 + Level 5.2 Ice Magic
 + Level 5.2 Air Magic
 + Level 5.2 Earth Magic
 + Level 5.2 Poison Magic
 + Level 7.0 Invocations
 + Level 9.2 Evocations
 + Level 5.2 Shapeshifting


You had 22 spell levels left.
You didn't know any spells.
Your spell library contained the following spells:

 Spells                   Type           Power      Damage    Failure   Level
 Magic Dart               Conj           52%        1d5       92%         1
 Necrotise                Necr           52%        1d6       92%         1
 Cigotuvi's Dreadful Rot  Necr/Pois/Air  26%        N/A       98%         2
 Frozen Ramparts          Ice            26%        1d4       100%        3
 Ignite Poison            Fire/Tmut/Pois 13%        N/A       100%        3
 Vampiric Draining        Necr           13%        2d6       100%        3
 Petrify                  Tmut/Erth      13%        N/A       100%        4
 Agony                    Necr           13%        N/A       100%        5
 Freezing Cloud           Conj/Ice/Air   6%         6-21      100%        5
 Metabolic Englaciation   Hex/Ice        6%         N/A       100%        5
 Conjure Ball Lightning   Conj/Air       6%         3x3d6     100%        6
 Starburst                Conj/Fire      6%         6d4       100%        6
 Discord                  Hex            6%         N/A       100%        8
 Disjunction              Tloc           6%         N/A       100%        8
 Lehudib's Crystal Spear  Conj/Erth      6%         10d3      100%        8


Dungeon Overview and Level Annotations

Branches:
Dungeon (10/15)            Temple (1/1) D:4            Lair (0/5) D:8
 Bailey (visited)
    Orc: D:9-12

Altars:
Ashenzari
Cheibriados
Dithmenos
Elyvilon
Fedhas
Gozag
Hepliaklqana
Kikubaaqudgha
Makhleb
Nemelex Xobeh
Okawaru
Qazlal
Ru
Sif Muna
Trog
Uskayaw
Vehumet
Wu Jian
Xom
Yredelemnul
Zin
The Shining One

Shops:
D:5 [

Annotations:
D:3 1 runed translucent door, Crazy Yiuf
D:9 3 runed translucent doors, deremet's ghost, novice MeRe
D:10 2 transporters, SirDiesAlot's ghost, journeyman OpSh; Sonja


Innate Abilities, Weirdness & Mutations

Your life essence is reduced to manifest your ancestor. (-10% HP)
You have very sharp teeth.
Your uncanny sense of smell can sniff out nearby items.
Your experience applies equally to all skills.


Message History

The raiju bursts into living lightning!
The living lightning hits you.
The raiju blinks!
Publius completely misses the flying skull.
As you read the scroll labelled UNUMAE ERPHUMP, it crumbles to dust.
You assume a fearsome visage.
The tentacled starspawn is unaffected.
The flying skull is unaffected.
The tentacled starspawn is unaffected.
The raiju resists with some effort.
It was a scroll of fear.
You block the raiju's attack.
A tentacle flies out from the starspawn's body!
The tentacled starspawn closely misses Publius.
The tentacled starspawn tentacle-slaps Publius!
Publius hits the tentacled starspawn with a +0 quarterstaff!
A starspawn tentacle comes into view.
As you read the scroll labelled MIALIO SIBU, it crumbles to dust.
You feel strangely unstable.
You feel the power of the Abyss delaying your translocation!
It was a scroll of teleportation.
The tentacled starspawn bites Publius!
The tentacled starspawn tentacle-slaps Publius!
You block the raiju's attack.
Publius casts a spell at the tentacled starspawn.
The puff of frost hits the tentacled starspawn but does no damage.
A starspawn tentacle comes into view.
The tentacled starspawn bites Publius.
Publius is destroyed!
The raiju bursts into living lightning!
The living lightning hits you!
* * * LOW HITPOINT WARNING * * *
The raiju blinks!
You block the raiju's attack.
The lich gestures wildly while chanting.
The lich seems to speed up.
The raiju bites you but does no damage. The raiju attacks as you move away!
The raiju bites you.
* * * LOW HITPOINT WARNING * * *
The raiju shocks you!
* * * LOW HITPOINT WARNING * * *
You block the flying skull's attack.
The raiju bursts into living lightning!
The living lightning misses the flying skull.
The living lightning hits you!
You die...

## #5w##...
##X.. .. ..
##3#..#..§.
#.#....§...
##L#..##.#..
#.h##.##?.#.
#######z........
............#...
#######@.≈.#...
#..........$..
#.......#..#..
#......#..#...
#.............
#.......####..
#..#.#.#
.##...##


You could see a tentacled starspawn, a lich (fast), a smoke demon, a raiju and a
flying skull.

Vanquished Creatures
  Josephine (D:10)
  An orc knight (Bailey)
  Maurice (D:9)
  A kobold demonologist (D:9)
  A komodo dragon (D:8)
  Sigmund (D:3)
  A yak (D:8)
  A wraith (D:10)
  2 water moccasins
  4 orc warriors (Bailey)
  3 black bears (D:7)
  2 ice beasts
  A centaur (D:7)
  A phantom (D:4)
  3 kobold brigands
  2 bullfrogs
  A gnoll sergeant (D:6)
  3 scorpions
  A wight (D:9)
  2 killer bees (D:9)
  3 howler monkeys
  A gnoll bouda (D:7)
  4 hounds
  A jelly (D:6)
  2 orc priests
  A sleepcap (D:7)
  Jessica (D:3)
  4 orc wizards
  Natasha (thrice) (D:2)
  2 iguanas
  15 gnolls
  5 adders
  A white imp (D:6)
  2 ufetubi
  2 worms
  3 dart slugs
  27 orcs
  5 endoplasms
  4 giant cockroaches
  4 goblins
  6 hobgoblins
  2 quokkas
  7 ball pythons
  6 bats
  4 frilled lizards
  23 kobolds
  6 rats
177 creatures vanquished.

Vanquished Creatures (collateral kills)
  A two-headed ogre (D:8)
  A troll (D:9)
  A wyvern (D:7)
  2 wraiths (D:10)
  3 yaks (D:8)
  4 vampire mosquitoes (D:10)
  A black bear (D:8)
  An orc warrior (Bailey)
  An ice beast (D:5)
  2 ogres
  2 centaurs
  2 kobold brigands (D:9)
  3 bullfrogs
  2 wights (D:9)
  A killer bee (D:9)
  A jelly (D:6)
  An iguana (D:6)
  9 orc wizards
  2 adders
  3 gnolls
  2 shadow imps
  2 white imps
  An ufetubus (D:5)
  A dart slug (D:5)
  7 orcs
  A giant cockroach (D:4)
  A goblin (Bailey)
  6 kobolds
64 creatures vanquished.

Vanquished Creatures (others)
  A battlemage (Abyss:2)
  8 ancestors
  8 starspawn tentacles (Abyss:2)
17 creatures vanquished.

Grand Total: 258 creatures vanquished

Notes
Turn   | Place    | Note
-------+----------+-------------------------------------------
     0 | D:1      | cforsyth the Gnoll Artificer began the quest for the Orb.
     0 | D:1      | Reached XP level 1. HP: 17/17 MP: 1/1
   217 | D:1      | Reached XP level 2. HP: 22/23 MP: 2/2
   803 | D:2      | Reached XP level 3. HP: 26/28 MP: 3/3
   902 | D:2      | Found a blossoming altar of Fedhas.
  1051 | D:2      | Reached skill level 1 in Invocations
  1059 | D:2      | Reached skill level 1 in Short Blades
  1059 | D:2      | Reached skill level 1 in Long Blades
  1059 | D:2      | Reached skill level 1 in Axes
  1059 | D:2      | Reached skill level 1 in Maces & Flails
  1059 | D:2      | Reached skill level 1 in Polearms
  1059 | D:2      | Reached skill level 1 in Staves
  1059 | D:2      | Reached skill level 1 in Ranged Weapons
  1059 | D:2      | Reached skill level 1 in Throwing
  1059 | D:2      | Reached skill level 1 in Shields
  1059 | D:2      | Reached skill level 1 in Unarmed Combat
  1059 | D:2      | Reached skill level 1 in Spellcasting
  1238 | D:1      | Reached XP level 4. HP: 16/34 MP: 5/5
  1464 | D:2      | Noticed Natasha
  1478 | D:2      | Killed Natasha
  1479 | D:2      | Reached skill level 1 in Conjurations
  1479 | D:2      | Reached skill level 1 in Hexes
  1479 | D:2      | Reached skill level 1 in Summonings
  1479 | D:2      | Reached skill level 1 in Necromancy
  1479 | D:2      | Reached skill level 1 in Translocations
  1479 | D:2      | Reached skill level 1 in Transmutations
  1479 | D:2      | Reached skill level 1 in Fire Magic
  1479 | D:2      | Reached skill level 1 in Ice Magic
  1479 | D:2      | Reached skill level 1 in Air Magic
  1479 | D:2      | Reached skill level 1 in Earth Magic
  1479 | D:2      | Reached skill level 1 in Poison Magic
  1479 | D:2      | Reached skill level 1 in Shapeshifting
  1634 | D:2      | Noticed Natasha
  1644 | D:2      | Killed Natasha
  1645 | D:2      | Reached XP level 5. HP: 31/40 MP: 5/7
  2141 | D:3      | Noticed Jessica
  2472 | D:2      | Noticed Natasha
  2485 | D:2      | Killed Natasha
  2566 | D:3      | Killed Jessica
  2625 | D:3      | Found a hazy altar of Hepliaklqana.
  2657 | D:3      | Became a worshipper of Hepliaklqana the Forgotten
  2773 | D:3      | Reached XP level 6. HP: 46/47 MP: 8/8
  3508 | D:3      | Found a faded altar of an unknown god.
  3521 | D:3      | Reached skill level 5 in Armour
  3571 | D:3      | Found a runed translucent door.
  3572 | D:3      | Noticed Crazy Yiuf
  3653 | D:3      | Noticed Sigmund
  3656 | D:3      | Killed Sigmund
  3657 | D:3      | Reached XP level 7. HP: 52/52 MP: 8/10
  3976 | D:4      | Reached skill level 7 in Evocations
  4161 | D:4      | Found a staircase to the Ecumenical Temple.
  4190 | Temple   | Entered the Ecumenical Temple
  4476 | D:4      | You are sucked into a shaft and drop 3 floors!
  4481 | D:7      | Reached * piety under Hepliaklqana
  4523 | D:7      | Found a flagged portal.
  4552 | D:7      | Reached XP level 8. HP: 49/54 MP: 12/12
  4573 | Bailey   | Entered a bailey
  4582 | Bailey   | Noticed an orc knight
  4669 | Bailey   | Got Plog's Guide on Mercurial Conjuring
  4982 | Bailey   | Killed an orc knight
  4987 | Bailey   | Reached XP level 9. HP: 15/59 MP: 4/14
  5407 | D:7      | Found a radiant altar of Vehumet.
  5480 | D:7      | Reached skill level 5 in Fighting
  5480 | D:7      | Reached skill level 5 in Dodging
  5723 | D:6      | Reached skill level 5 in Stealth
  5768 | D:6      | Found a glowing golden altar of the Shining One.
  5870 | D:6      | Reached skill level 8 in Evocations
  6103 | D:6      | Reached skill level 5 in Invocations
  6302 | D:6      | Reached ** piety under Hepliaklqana
  6522 | D:5      | Entered Level 5 of the Dungeon
  6522 | D:5      | Found Buobb's Antique Armour Emporium.
  6866 | D:5      | Reached XP level 10. HP: 53/67 MP: 13/17
  7126 | D:5      | Remembered your ancestor Publius as a battlemage
  7161 | D:5      | Found a sacrificial altar of Ru.
  7424 | D:7      | Reached *** piety under Hepliaklqana
  7609 | D:4      | Reached skill level 5 in Short Blades
  7609 | D:4      | Reached skill level 5 in Long Blades
  7609 | D:4      | Reached skill level 5 in Axes
  7609 | D:4      | Reached skill level 5 in Maces & Flails
  7609 | D:4      | Reached skill level 5 in Polearms
  7609 | D:4      | Reached skill level 5 in Staves
  7609 | D:4      | Reached skill level 5 in Ranged Weapons
  7609 | D:4      | Reached skill level 5 in Throwing
  7609 | D:4      | Reached skill level 5 in Shields
  7609 | D:4      | Reached skill level 5 in Unarmed Combat
  7609 | D:4      | Reached skill level 5 in Spellcasting
  7894 | D:7      | Found a basalt altar of Yredelemnul.
  8224 | D:7      | Found a bloodstained altar of Trog.
  8377 | D:8      | Found a staircase to the Lair.
  8421 | D:8      | Noticed a two-headed ogre
  8438 | D:8      | Killed a two-headed ogre
  9097 | D:9      | Reached **** piety under Hepliaklqana
  9702 | D:9      | Found a runed translucent gate.
  9702 | D:9      | Noticed Maurice
  9703 | D:9      | Found a runed translucent gate.
  9711 | D:9      | Killed Maurice
  9712 | D:9      | Reached XP level 11. HP: 74/74 MP: 19/19
  9722 | D:9      | Found a runed translucent gate.
  9724 | D:9      | Noticed deremet's ghost (novice MeRe)
  9737 | D:9      | Reached skill level 9 in Evocations
  9912 | D:9      | Reached skill level 5 in Conjurations
  9912 | D:9      | Reached skill level 5 in Hexes
  9912 | D:9      | Reached skill level 5 in Summonings
  9912 | D:9      | Reached skill level 5 in Necromancy
  9912 | D:9      | Reached skill level 5 in Translocations
  9912 | D:9      | Reached skill level 5 in Transmutations
  9912 | D:9      | Reached skill level 5 in Fire Magic
  9912 | D:9      | Reached skill level 5 in Ice Magic
  9912 | D:9      | Reached skill level 5 in Air Magic
  9912 | D:9      | Reached skill level 5 in Earth Magic
  9912 | D:9      | Reached skill level 5 in Poison Magic
  9912 | D:9      | Reached skill level 5 in Shapeshifting
 10038 | D:10     | Entered Level 10 of the Dungeon
 10049 | D:10     | Noticed a moth of wrath
 10050 | D:10     | Noticed a two-headed ogre
 10050 | D:10     | Noticed a two-headed ogre
 10053 | D:10     | Noticed a tengu warrior
 10057 | D:10     | Found a transporter.
 10061 | D:10     | Noticed SirDiesAlot's ghost (journeyman OpSh)
 10069 | D:10     | Found a bloodstained altar of Trog.
 10103 | D:10     | Found a transporter.
 10242 | D:10     | Noticed Josephine
 10259 | D:10     | Killed Josephine
 10384 | D:10     | Noticed Sonja
 10394 | Abyss:2  | Noticed a starcursed mass
 10394 | Abyss:2  | Noticed a tentacled starspawn
 10394 | Abyss:2  | Noticed a tentacled starspawn
 10394 | Abyss:2  | Noticed a tentacled starspawn
 10394 | Abyss:2  | Noticed a lich
 10394 | Abyss:2  | Noticed a starcursed mass
 10394 | Abyss:2  | Found a corrupted altar of Lugonu.
 10394 | Abyss:2  | Cast into level 2 of the Abyss (Sonja)
 10410 | Abyss:2  | Noticed a lich
 10421 | Abyss:2  | Killed from afar by a raiju

Illustrated notes

Levels and vault maps discovered:
D:1:      lemuel_arrival_broad_hall, layout_basic
D:2:      layout_loops_ring, basic_altar, minmay_puff, uniq_natasha
D:3:      layout_rooms, nicolae_hepliaklqana_hazy_memory,
          hellmonk_ecumenical_altar_blasted, uniq_crazy_yiuf_cottage,
          uniq_sigmund, uniq_jessica
D:4:      layout_loops_corners, minmay_temple_entry_nine_rooms, kennysheep_donut
D:5:      layout_basic, mainiacjoe_overflow_alcove_4, nicolae_stop_n_shop_1,
          minivault_26
D:6:      layout_cave_pools, mainiacjoe_overflow_paths, water_boxes_lemuel
D:7:      layout_cave_pools, yredelemnul_altar_generic, trog_book,
          vehumet_crystals, serial_co_window_serial, co_window_corner_a,
          co_window_of_opportunity_a, co_window_paths_b,
          co_window_of_opportunity_a, co_window_paths_a, co_window_paths_a,
          co_window_paths_c, co_window_of_opportunity_c, co_window_broadway_b,
          co_window_broadway_b, co_window_cross_3, enter_bailey_7,
          minmay_misc_feat_x
D:8:      minmay_general_purpose_star, layout_loops_ring, david_lair_shrubbed,
          chequers_decorated_corner
D:9:      layout_roguey, gammafunk_ghost_nasty_kobolds, st_stairs_13,
          uniq_maurice
D:10:     minmay_curly_fans, layout_basic, gammafunk_ghost_wrathful_warriors,
          uniq_josephine, uniq_sonja
Temple:   kb_temple_of_zot
Abyss:2:  base: D:5, gammafunk_corrupted_shrine,
          hangedman_abyss_or_decor_lesser_grid, spicy_abyss_planar_alliance

Skill      XL: |  1  2  3  4  5  6  7  8  9 10 11 |
---------------+----------------------------------+-----
Invocations    | 1 2 3 4 5 6 7 |  7.0
Short Blades   | 1 2 3 4 5 6 |  6.3
Long Blades    | 1 2 3 4 5 6 |  6.3
Axes           | 1 2 3 4 5 6 |  6.3
Maces & Flails | 1 2 3 4 5 6 |  6.3
Polearms       | 1 2 3 4 5 6 |  6.3
Staves         | 1 2 3 4 5 6 |  6.3
Ranged Weapons | 1 2 3 4 5 6 |  6.3
Throwing       | 1 2 3 4 5 6 |  6.3
Shields        | 1 2 3 4 5 6 |  6.3
Unarmed Combat | 1 2 3 4 5 6 |  6.3
Spellcasting   | 1 2 3 4 5 6 |  6.3
Conjurations   | 1 2 3 4 5 |  5.2
Hexes          | 1 2 3 4 5 |  5.2
Summonings     | 1 2 3 4 5 |  5.2
Necromancy     | 1 2 3 4 5 |  5.2
Translocations | 1 2 3 4 5 |  5.2
Transmutations | 1 2 3 4 5 |  5.2
Fire Magic     | 1 2 3 4 5 |  5.2
Ice Magic      | 1 2 3 4 5 |  5.2
Air Magic      | 1 2 3 4 5 |  5.2
Earth Magic    | 1 2 3 4 5 |  5.2
Poison Magic   | 1 2 3 4 5 |  5.2
Shapeshifting  | 1 2 3 4 5 |  5.2
Fighting       | 3 4 5 6 |  6.9
Dodging        | 3 4 5 6 |  6.9
Stealth        | 3 4 5 6 |  6.8
Armour         | 5 6 7 |  7.9
Evocations     | 7 8 9 |  9.2

Action                     |  1- 3 |  4- 6 |  7- 9 | 10-12 || total
---------------------------+-------+-------+-------+-------++-------
  Melee: Club              |   119 |   251 |       |       ||   370
         Punch             |     2 |     7 |     9 |       ||    18
         Bite              |    15 |    26 |    40 |    28 ||   109
         Spear             |       |     7 |   419 |   283 ||   709
 Invoke: Recall Ancestor   |       |       |       |     2 ||     2
         Ancestor Life: Ba |       |       |       |     1 ||     1
  Evoke: Wand              |     1 |    13 |       |     5 ||    19
    Use: Scroll            |       |       |     4 |     9 ||    13
         Potion            |       |       |       |     2 ||     2
   Stab: Sleeping          |     1 |       |       |       ||     1
         Distracted        |       |       |     1 |     6 ||     7
 Armour: Leather armour    |    21 |       |       |       ||    21
         Plate armour      |    71 |   265 |   241 |   153 ||   730
  Dodge: Dodged            |    54 |    82 |    85 |    41 ||   262
  Block: Kite shield       |       |       |       |    88 ||    88

Table legend: (Time is in decaauts)
 A = Elapsed time spent in this place.
 B = Non-inter-level travel time spent in this place.
 C = Inter-level travel time spent in this place.
 D = Time resting spent in this place.
 E = Time spent auto-exploring this place.
 F = Levels seen in this place.
 G = Mean time per level.
                   A        B        C        D        E       F      G
               +--------+--------+--------+--------+--------+-----+--------+
         Total |  10511 |  10153 |    358 |   1574 |   6253 |  13 |  808.5 |
       Dungeon |   9773 |   9415 |    358 |   1381 |   6092 |  10 |  977.3 |
        Temple |      1 |      1 |      0 |      0 |      0 |   1 |    1.0 |
         Abyss |     27 |     27 |      0 |      0 |      0 |   1 |   27.0 |
        Bailey |    708 |    708 |      0 |    193 |    161 |   1 |  708.0 |
               +--------+--------+--------+--------+--------+-----+--------+

Top non-repeatable levels by time:
     D:2: 2245 daAuts
     D:1: 1026 daAuts
     D:7: 996 daAuts
     D:4: 979 daAuts
     D:9: 948 daAuts
     D:6: 872 daAuts
     D:5: 858 daAuts
     D:8: 816 daAuts
  Bailey: 708 daAuts
     D:3: 669 daAuts
    D:10: 362 daAuts
 Abyss:2: 27 daAuts
  Temple: 1 daAuts
